[Event "RUS-ch Blitz 2021"]
[Site "Sochi"]
[Date "2021.10.11"]
[Round "5.24"]
[White "Grebnev, Aleksey"]
[Black "Makarian, Rudik"]
[Result "0-1"]
[ECO "A45"]
[WhiteElo "2469"]
[BlackElo "2470"]
[Annotator "ChessBase"]
[PlyCount "74"]
[EventDate "2021.10.11"]
[EventType "blitz"]
[EventCountry "RUS"]
[SourceTitle "playchess.com"]
[Source "ChessBase"]
[SourceQuality "1"]
[TimeControl "180+2"]

1. d4 Nf6 2. Bf4 c5 3. e3 Nd5 4. Bg3 Qb6 5. Nc3 Nxc3 6. bxc3 d6 7. Bd3 Nc6 8. Nf3 g6 9. O-O Bg7 10. Qd2 O-O 11. Rab1 Qd8 12. h3 b6 13. d5 Na5 14. Rfe1 e5 15. e4 f5 16. c4 f4 17. Bh2 g5 18. Qe2 h5 19. Nd2 g4 20. Nb3 Nb7 21. Kh1 Rf6 22. f3 Rg6 23. Qd2 Qh4 24. Bf1 Bd7 25.
Qe2 Bf6 26. Red1 Kf7 27. Bg1 gxh3 28. gxh3 Rxg1+ 29. Kxg1 Rg8+ 30. Kh1 Rg3 31. Qh2 Rxf3 32. Rd2 Re3 33. Rf2 Rxe4 34. Nd2 Re3 35. Bg2 Qxf2 36. Ne4 Qxc2 37. Rg1 Rxe4 0-1

[Event "RUS-ch Blitz 2021"]
[Site "Sochi"]
[Date "2021.10.11"]
[Round "6.2"]
[White "Dreev, Aleksey"]
[Black "Sakaev, Konstantin"]
[Result "1/2-1/2"]
[ECO "D23"]
[WhiteElo "2635"]
[BlackElo "2603"]
[Annotator "ChessBase"]
[PlyCount "48"]
[EventDate "2021.10.11"]
[EventType "blitz"]
[EventCountry "RUS"]
[SourceTitle "playchess.com"]
[Source "ChessBase"]
[SourceQuality "1"]
[TimeControl "180+2"]

1. d4 d5 2. c4 c6 3. Nf3 Nf6 4. Qc2 dxc4 5. Qxc4 Bf5 6. g3 e6 7. Bg2 Be7 8. O-O O-O 9. e3 Nbd7 10. Nc3 Bg6 11. Rd1 Qc7 12. b3 Rac8 13.
Bb2 Nd5 14. Qe2 Nxc3 15. Bxc3 c5 16. d5 exd5 17. Rxd5 Bf6 18. Rad1 Rcd8 19. Bxf6 Nxf6 20. Rxd8 Rxd8 21. Rxd8+ Qxd8 22. Ne5 Qc7 23. Nxg6 hxg6 24. Qd3 Qd8 1/2-1/2

[Event "RUS-ch Blitz 2021"]
[Site "Sochi"]
[Date "2021.10.11"]
[Round "6.3"]
[White "Pridorozhni, Aleksei"]
[Black "Sjugirov, Sanan"]
[Result "1/2-1/2"]
[ECO "B30"]
[WhiteElo "2564"]
[BlackElo "2663"]
[Annotator "ChessBase"]
[PlyCount "61"]
[EventDate "2021.10.11"]
[EventType "blitz"]
[EventCountry "RUS"]
[SourceTitle "playchess.com"]
[Source "ChessBase"]
[SourceQuality "1"]
[TimeControl "180+2"]

1. e4 c5 2. Nc3 Nc6 3. Bb5 Nd4 4. Bc4 a6 5. Nf3 e6 6. a4 Qc7 7. d3 Nf6 8. Nxd4 cxd4 9. Ne2 Nxe4 10. Nxd4 Bb4+ 11. Kf1 Nf6 12. Bg5 Be7 13. Qe2 O-O 14. Nf5 Bd8 15. Ng3 d5 16. Bb3 Be7 17. Re1 Re8 18.
h4 Bd7 19. Nh5 Nxh5 20. Qxh5 Bf8 21. Rh3 b5 22. axb5 Bxb5 23. Rg3 a5 24. Bf6 g6 25. Qe2 a4 26. Ba2 Qf4 27. Rf3 Qh2 28.
Rh3 Qf4 29. Rf3 Qh2 30. Rh3 Qf4 31. Rf3 1/2-1/2

[Event "RUS-ch Blitz 2021"]
[Site "Sochi"]
[Date "2021.10.11"]
[Round "6.4"]
[White "Tsydypov, Zhamsaran"]
[Black "Antipov, Mikhail Al."]
[Result "0-1"]
[ECO "A34"]
[WhiteElo "2526"]
[BlackElo "2619"]
[Annotator "ChessBase"]
[PlyCount "96"]
[EventDate "2021.10.11"]
[EventType "blitz"]
[EventCountry "RUS"]
[SourceTitle "playchess.com"]
[Source "ChessBase"]
[SourceQuality "1"]
[TimeControl "180+2"]

1. Nf3 Nf6 2. c4 c5 3. Nc3 g6 4. e4 d6 5. h3 Nc6 6. d4 cxd4 7. Nxd4 Nxd4 8. Qxd4 Bg7 9. Qe3 Be6 10. Rb1 Qb6 11. Be2 Nd7 12. Nb5 O-O 13. O-O Rfc8 14. b3 a6 15. Qxb6 Nxb6 16. Na3 Nd7 17. Be3 b5 18. Rfc1 b4 19. Nc2 a5 20. Nd4 Nc5 21. Bf3 Ra6 22. Rd1 a4 23. Nxe6 fxe6 24. Bg4 Kf7 25. Bxc5 dxc5 26. Rd7 Bd4 27. Bd1 axb3 28. Bxb3 Rb8 29. Rd1 e5 30. Rd2 Ke8 31. Rd5 e6 32. R2xd4 cxd4 33. Rxe5 d3 34. Kf1 Rd8 35. Ke1 d2+ 36. Kd1 Ke7 37. Rb5 Rd3 38. Rxb4 Rad6 39. f3 Rc3 40. Rb7+ Kf6 41. e5+ Kxe5 42. Ke2 Kf4 43. Rb4 Rd4 44. Bd1 Re3+ 45. Kf2 Re1 46. Rb1 Rxc4 47. g3+ Ke5 48. Rb5+ Kf6 0-1

[Event "RUS-ch Blitz 2021"]
[Site "Sochi"]
[Date "2021.10.11"]
[Round "6.5"]
[White "Sarana, Alexey"]
[Black "Bocharov, Dmitry"]
[Result "1-0"]
[ECO "D37"]
[WhiteElo "2649"]
[BlackElo "2517"]
[Annotator "ChessBase"]
[PlyCount "49"]
[EventDate "2021.10.11"]
[EventType "blitz"]
[EventCountry "RUS"]
[SourceTitle "playchess.com"]
[Source "ChessBase"]
[SourceQuality "1"]
[TimeControl "180+2"]

1. d4 Nf6 2. c4 e6 3. Nf3 d5 4. Nc3 Be7 5. Bf4 O-O 6. e3 b6 7. cxd5 Nxd5 8.
Nxd5 Qxd5 9. Bxc7 Bb4+ 10. Nd2 Nc6 11. a3 Bxd2+ 12. Qxd2 Na5 13. Rd1 Bb7 14. Bg3 Rfc8 15. f3 Qb3 16. Bd3 Nc4 17. Bxc4 Rxc4 18. O-O Rc2 19. Qb4 Qxb4 20. axb4 Rxb2 21. Rc1 Rxb4 22. Rc7 Bd5 23. e4 Bc4 24. Ra1 a6 25. Bd6 1-0

[Event "RUS-ch Blitz 2021"]
[Site "Sochi"]
[Date "2021.10.11"]
[Round "6.6"]
[White "Alekseev, Evgeny"]
[Black "Riazantsev, Alexander"]
[Result "1/2-1/2"]
[ECO "C77"]
[WhiteElo "2602"]
[BlackElo "2634"]
[Annotator "ChessBase"]
[PlyCount "69"]
[EventDate "2021.10.11"]
[EventType "blitz"]
[EventCountry "RUS"]
[SourceTitle "playchess.com"]
[Source "ChessBase"]
[SourceQuality "1"]
[TimeControl "180+2"]

1. e4 e5 2. Nf3 Nc6 3. Bb5 a6 4. Ba4 Nf6 5. d3 b5 6. Bb3 Bc5 7. Nc3 h6 8. a3 d6 9. Nd5 Rb8 10. c3 Nxd5 11. Bxd5 Ne7 12. Ba2 O-O 13. O-O Ng6 14. h3 Bb6 15. Be3 Be6 16. d4 Bxa2 17. Rxa2 c5 18.
Ra1 c4 19. Qc2 Qf6 20. Rfd1 Rfe8 21. a4 Nf4 22. axb5 axb5 23. Bxf4 exf4 24. e5 dxe5 25. Nxe5 Bc7 26. Nf3 g6 27. Re1 Qc6 28. Nd2 Kg7 29. Nf3 Bd6 30. Kf1 b4 31. Kg1 Qd5 32. Kf1 Qc6 33. Kg1 Qd5 34. Kf1 Bf8 35. Qd1 1/2-1/2

[Event "RUS-ch Blitz 2021"]
[Site "Sochi"]
[Date "2021.10.11"]
[Round "6.7"]
[White "Makarian, Rudik"]
[Black "Kobalia, Mikhail"]
[Result "1/2-1/2"]
[ECO "D52"]
[WhiteElo "2470"]
[BlackElo "2600"]
[Annotator "ChessBase"]
[PlyCount "75"]
[EventDate "2021.10.11"]
[EventType "blitz"]
[EventCountry "RUS"]
[SourceTitle "playchess.com"]
[Source "ChessBase"]
[SourceQuality "1"]
[TimeControl "180+2"]

1. d4 d5 2. c4 c6 3. Nf3 Nf6 4. Nc3 e6 5. Bg5 Nbd7 6. e3 h6 7. Bf4 Nh5 8.
cxd5 exd5 9. Bd3 Bb4 10. O-O Nxf4 11. exf4 O-O 12. Qc2 Re8 13. Rfe1 Rxe1+ 14. Rxe1 Nf6 15. Ne5 Bd7 16. a3 Bxc3 17. Qxc3 Rc8 18. h3 Be8 19. b4 Qd6 20. g4 Ne4 21. Bxe4 dxe4 22. Rxe4 f6 23. Nc4 Qd5 24. Qd3 Bg6 25. f5 Bf7 26. Ne3 Qa2 27. Re7 Rd8 28.
Rxb7 Qa1+ 29. Kg2 Rxd4 30. Qc2 Qxa3 31. Qxc6 Qb3 32. Qc8+ Kh7 33. Rb8 Bg8 34. Qc7 Rxb4 35. Rxb4 Qxb4 36. Qxa7 Qe4+ 37. Kg1 Qf3 38. Qd4 1/2-1/2

[Event "RUS-ch Blitz 2021"]
[Site "Sochi"]
[Date "2021.10.11"]
[Round "6.8"]
[White "Matinian, Nikita"]
[Black "Iljiushenok, Ilia"]
[Result "0-1"]
[ECO "B23"]
[WhiteElo "2454"]
[BlackElo "2554"]
[Annotator "ChessBase"]
[PlyCount "128"]
[EventDate "2021.10.11"]
[EventType "blitz"]
[EventCountry "RUS"]
[SourceTitle "playchess.com"]
[Source "ChessBase"]
[SourceQuality "1"]
[TimeControl "180+2"]

1. e4 c5 2. Nc3 a6 3. f4 d6 4. Nf3 Nc6 5. d4 cxd4 6. Nxd4 Bd7 7. Nxc6 Bxc6 8.
Be3 Nf6 9. Bd3 e6 10. Qe2 Be7 11. O-O-O Qc7 12. g4 b5 13. g5 Nd7 14. Rhe1 O-O 15. h4 b4 16. Nb1 a5 17. h5 a4 18. g6 h6 19. gxf7+ Rxf7 20.
Qg4 Nf8 21. f5 exf5 22. exf5 b3 23. axb3 axb3 24. Bc4 d5 25. Bxb3 Bf6 26. Bxh6 Ra1 27. Bg5 Nh7 28. Bxf6 Nxf6 29. Qd4 Qh2 30. Rh1 Qe2 31. Rde1 Qf3 32. h6 Ne4 33. h7+ Kh8 34. Qe5 Qxf5 35. Qxf5 Rxf5 36. c4 dxc4 37. Bxc4 Rc5 38. b3 Ra2 39. Nc3 Nxc3 40. Ref1 Ra8 41. Kb2 Ne4 42. Rf4 Nd6 43. Rc1 Nxc4+ 44. Rfxc4 Rxc4 45. Rxc4 Bd5 46. Rh4 Rb8 47. b4 Be6 48. Kc3 Rb5 49. Rh2 g5 50. Rh6 Bf7 51. Rf6 Rb7 52. Rf5 g4 53. Rg5 Be6 54. Rg6 Rc7+ 55. Kd4 Bf7 56. Rg5 Kxh7 57. b5 Rc4+ 58. Ke3 Rb4 59. Kf2 Kh6 60. Rc5 Rb3 61. Rc6+ Kg5 62. b6 g3+ 63. Kf1 Rb1+ 64. Ke2 g2 0-1

[Event "RUS-ch Blitz 2021"]
[Site "Sochi"]
[Date "2021.10.11"]
[Round "6.9"]
[White "Afanasiev, Nikita"]
[Black "Vastrukhin, Oleg"]
[Result "0-1"]
[ECO "A01"]
[WhiteElo "2560"]
[BlackElo "2382"]
[Annotator "ChessBase"]
[PlyCount "72"]
[EventDate "2021.10.11"]
[EventType "blitz"]
[EventCountry "RUS"]
[SourceTitle "playchess.com"]
[Source "ChessBase"]
[SourceQuality "1"]
[TimeControl "180+2"]

1. b3 Nf6 2. Bb2 d5 3. g3 Nc6 4. Nf3 Bg4 5. Bg2 Qd7 6. h3 Bxf3 7. exf3 e6 8. O-O Be7 9. f4 O-O 10. Re1 a5 11. a3 a4 12. b4 Na7 13. d3 c5 14. bxc5 Bxc5 15. Bxf6 gxf6 16. d4 Bd6 17. c4 dxc4 18. Nc3 Rfd8 19. Nxa4 Nc8 20. Nb2 Nb6 21. f5 exf5 22. Qf3 Bf8 23. Nd1 Nd5 24. Qh5 Rxa3 25. Rxa3 Bxa3 26. Bxd5 Qxd5 27. Ne3 Qe4 28. Kh2 Bf8 29. Re2 c3 30. Nxf5 Qc6 31. Qg4+ Kh8 32. Qh4 b5 33. Qg4 c2 34. d5 Rxd5 35. Ne3 c1=Q 36. Nxd5 Qxd5 0-1

[Event "RUS-ch Blitz 2021"]
[Site "Sochi"]
[Date "2021.10.11"]
[Round "6.10"]
[White "Rozum, Ivan"]
[Black "Kukhmazov, Arsen"]
[Result "1-0"]
[ECO "A01"]
[WhiteElo "2529"]
[BlackElo "2472"]
[Annotator "ChessBase"]
[PlyCount "102"]
[EventDate "2021.10.11"]
[EventType "blitz"]
[EventCountry "RUS"]
[SourceTitle "playchess.com"]
[Source "ChessBase"]
[SourceQuality "1"]
[TimeControl "180+2"]

1. b3 d5 2. Bb2 c6 3. d3 Bf5 4. Nd2 h6 5. e4 Bh7 6. g3 e6 7. Bg2 Nf6 8. Nh3 a5 9. a3 Bc5 10. O-O O-O 11. Qe2 Na6 12. Kh1 dxe4 13. dxe4 Bd4 14. c3 Ba7 15. b4 e5 16. Rad1 Qc7 17. Nc4 a4 18. f3 Rad8 19. Nf2 Qe7 20.
Nd3 Nd7 21. Bc1 f6 22. Na5 Rb8 23. Nb2 Qe6 24. Nxa4 Rfd8 25. Nb2 Nc7 26. Qc4 Kf8 27. Bh3 Qxh3 28. Qe2 Qe6 29. Kg2 Bg8 30. Be3 Bxe3 31. Qxe3 b6 32. Nac4 b5 33. Na5 Bf7 34. Rd2 Be8 35. Rfd1 Rbc8 36. Nb7 Qe7 37. Nxd8 Qxd8 38. c4 Ne6 39. Rd6 Ke7 40. c5 Nd4 41. f4 Qc7 42. Nd3 Ne6 43. Qd2 Rd8 44. Qc3 Nd4 45. fxe5 fxe5 46. Nxe5 Nxe5 47. Qxd4 Nf7 48. e5 Rc8 49. e6 Kf8 50. exf7 Bxf7 51. Rd8+ Qxd8 1-0

[Event "RUS-ch Blitz 2021"]
[Site "Sochi"]
[Date "2021.10.11"]
[Round "6.11"]
[White "Khanin, Semen"]
[Black "Petrov, Nikita"]
[Result "1/2-1/2"]
[ECO "B45"]
[WhiteElo "2521"]
[BlackElo "2539"]
[Annotator "ChessBase"]
[PlyCount "118"]
[EventDate "2021.10.11"]
[EventType "blitz"]
[EventCountry "RUS"]
[SourceTitle "playchess.com"]
[Source "ChessBase"]
[SourceQuality "1"]
[TimeControl "180+2"]

1. e4 c5 2. Nf3 e6 3. d4 cxd4 4. Nxd4 Nf6 5. Nc3 Nc6 6. Ndb5 Bb4 7. a3 Bxc3+ 8. Nxc3 d5 9. Bd3 dxe4 10. Nxe4 Nxe4 11. Bxe4 Qxd1+ 12. Kxd1 Bd7 13. c3 f5 14. Bc2 e5 15. f3 Be6 16. Ke2 O-O-O 17. Bg5 Rde8 18. Rhd1 h6 19. Be3 g5 20. b4 f4 21. Bc5 b6 22. Bd6 e4 23.
Bxe4 Bf5 24. Kd3 Bxe4+ 25. fxe4 Rd8 26. Kc2 Rhe8 27. b5 Na5 28. Rd4 Rd7 29. Rad1 Nb7 30. Rc4+ Kd8 31. Rcd4 Nxd6 32. Rxd6 Rxd6 33. Rxd6+ Kc7 34. Rc6+ Kd7 35. Kd3 Re6 36. Rc4 Re5 37. a4 g4 38. Rd4+ Ke6 39. Rd8 Rh5 40. Re8+ Kf7 41. Ra8 Rxh2 42. Rxa7+ Kf6 43. a5 bxa5 44. Ra6+ Ke7 45. Rxa5 Rxg2 46. b6 Rb2 47. Ra7+ Kd6 48. Rg7 g3 49. c4 Kc6 50. Rg6+ Kb7 51. e5 Rxb6 52. Rg7+ Kc8 53. Ke4 Rb4 54. Kxf4 Rxc4+ 55. Kf5 Kd8 56. Rxg3 Rc6 57. e6 Rc1 58. Kf6 Rf1+ 59. Ke5 Re1+ 1/2-1/2

[Event "RUS-ch Blitz 2021"]
[Site "Sochi"]
[Date "2021.10.11"]
[Round "6.12"]
[White "Shubin, Kirill"]
[Black "Savchenko, Boris"]
[Result "0-1"]
[ECO "B52"]
[WhiteElo "2463"]
[BlackElo "2535"]
[Annotator "ChessBase"]
[PlyCount "92"]
[EventDate "2021.10.11"]
[EventType "blitz"]
[EventCountry "RUS"]
[SourceTitle "playchess.com"]
[Source "ChessBase"]
[SourceQuality "1"]
[TimeControl "180+2"]

1. e4 c5 2. Nf3 d6 3. Bb5+ Bd7 4. Qe2 Nf6 5. Bxd7+ Qxd7 6. O-O Nc6 7. c3 g6 8. d4 Bg7 9. d5 Na5 10. b4 cxb4 11. cxb4 Nh5 12. e5 dxe5 13. Rd1 Nf4 14. Bxf4 exf4 15. Nbd2 Bxa1 16. Rxa1 Qxd5 17. bxa5 Qxa5 18. Qe4 Qc3 19. Rb1 O-O 20. Qxe7 Qc2 21. Rxb7 Qxa2 22. h3 Qe6 23. Qc7 a5 24. Ng5 Qf5 25. Nge4 Rac8 26. Qb6 Rcd8 27. Qb2 h5 28. Nf6+ Kh8 29. Nfe4+ Kh7 30. Nf6+ Kh6 31. Nfe4 Rfe8 32. Rb5 Rxd2 33. Nxd2 Qd3 34. Nf1 f3 35. Qf6 Qxb5 36. Qxf7 Qe5 37. Ne3 fxg2 38. Qa7 Qe7 39. Qxa5 Qg5 40. Qb6 Rf8 41. Qd6 Rxf2 42. Qd4 Qf6 43. Qd1 Qf3 44. Qc1 Qf4 45. Qc3 Rf1+ 46. Kxg2 Qf2# 0-1

[Event "RUS-ch Blitz 2021"]
[Site "Sochi"]
[Date "2021.10.11"]
[Round "6.13"]
[White "Trushnikov, Sergey"]
[Black "Dudin, Gleb"]
[Result "1/2-1/2"]
[ECO "B25"]
[WhiteElo "2525"]
[BlackElo "2438"]
[Annotator "ChessBase"]
[PlyCount "66"]
[EventDate "2021.10.11"]
[EventType "blitz"]
[EventCountry "RUS"]
[SourceTitle "playchess.com"]
[Source "ChessBase"]
[SourceQuality "1"]
[TimeControl "180+2"]

1. e4 c5 2. g3 Nc6 3. Bg2 g6 4. Ne2 Bg7 5. d3 d6 6. O-O e5 7. Nd2 Nge7 8. Nc3 O-O 9. Nc4 a6 10. a4 Be6 11. Nd5 h6 12. c3 Kh7 13. a5 Rb8 14. Bd2 f5 15.
f4 exf4 16. Bxf4 Ne5 17. Bxe5 dxe5 18. Nxe7 Qxe7 19. exf5 gxf5 20. Qh5 Qg5 21. Qxg5 hxg5 22. g4 f4 23. h3 Rfd8 24. Rae1 Bxc4 25. dxc4 b6 26. axb6 Rxb6 27. Re2 Bf6 28. Ra1 Kg7 29. Be4 Rdb8 30. Ra2 Rd8 31. Ra1 Rdb8 32. Ra2 Rd8 33. Ra1 Rdb8 1/2-1/2

[Event "RUS-ch Blitz 2021"]
[Site "Sochi"]
[Date "2021.10.11"]
[Round "6.14"]
[White "Pershin, Denis"]
[Black "Bologan, Victor"]
[Result "1-0"]
[ECO "E62"]
[WhiteElo "2388"]
[BlackElo "2574"]
[Annotator "ChessBase"]
[PlyCount "131"]
[EventDate "2021.10.11"]
[EventType "blitz"]
[EventCountry "RUS"]
[SourceTitle "playchess.com"]
[Source "ChessBase"]
[SourceQuality "1"]
[TimeControl "180+2"]

1. d4 d6 2. Nf3 Nf6 3. c4 g6 4. g3 Bg7 5. Bg2 O-O 6. O-O c6 7. Nc3 Qa5 8. Qc2 Qh5 9. Bd2 Bh3 10. Bxh3 Qxh3 11. Ne4 Nbd7 12. Neg5 Qh5 13. Kg2 d5 14. Nh3 Qf5 15. Qxf5 gxf5 16. cxd5 Nxd5 17. Nf4 N7b6 18. Rac1 e6 19. Nd3 Nd7 20. b4 f6 21. Nf4 Kf7 22. Nxd5 exd5 23. Ne1 Nb6 24. Nd3 Nc4 25. Bc3 Bh6 26. e3 b6 27. Rb1 Ke6 28. Kf3 a6 29. Rfc1 Rfe8 30. h4 Kd7 31. a4 Bxe3 32. Re1 Bd2 33. Rxe8 Rxe8 34. Ba1 Bh6 35. Bc3 Bd2 36. Ba1 Re4 37. a5 bxa5 38. bxa5 Kd6 39. Nc5 Re7 40. Nb7+ Kc7 41. Nc5 Bxa5 42. Nxa6+ Kd6 43. Rb8 Re1 44. Rb7 Bb6 45. Bc3 Rb1 46. Bb4+ c5 47. dxc5+ Kc6 48. Rb8 Ba5 49. Bxa5 Rxb8 50. Nxb8+ Kb7 51. Bc3 Kxb8 52. Kf4 Kb7 53. Kxf5 Kc6 54. Bd4 Ne5 55. Kxf6 Nf3 56. Be3 d4 57. Bxd4 Nxd4 58. Kg7 Kxc5 59. Kxh7 Kd6 60. Kg6 Nf3 61. h5 Ke7 62. Kg7 Nd4 63. h6 Nf5+ 64. Kg6 Nd6 65. h7 Nf7 66. Kg7 1-0

[Event "RUS-ch Blitz 2021"]
[Site "Sochi"]
[Date "2021.10.11"]
[Round "6.15"]
[White "Lobanov, Sergei"]
[Black "Lysyj, Igor"]
[Result "1/2-1/2"]
[ECO "C84"]
[WhiteElo "2501"]
[BlackElo "2603"]
[Annotator "ChessBase"]
[PlyCount "106"]
[EventDate "2021.10.11"]
[EventType "blitz"]
[EventCountry "RUS"]
[SourceTitle "playchess.com"]
[Source "ChessBase"]
[SourceQuality "1"]
[TimeControl "180+2"]

1. e4 e5 2. Nf3 Nc6 3. Bb5 a6 4. Ba4 Nf6 5. d4 exd4 6. O-O Be7 7. e5 Ne4 8. Nxd4 O-O 9. Nf5 d5 10. exd6 Bxf5 11. dxe7 Qxe7 12. Bxc6 bxc6 13. Qf3 Bg6 14. Nc3 Rfe8 15. Bf4 Qb4 16. Nxe4 Rxe4 17. Bxc7 Qxb2 18. Qb3 Rb4 19. Qxb2 Rxb2 20. c3 Re8 21. Rfe1 Rxe1+ 22. Rxe1 f6 23. a4 Ra2 24. a5 Rc2 25. h3 Rxc3 26. Re7 Bd3 27. Bb6 h6 28. Rc7 Bb5 29. Kh2 h5 30. h4 Rd3 31. Re7 Kh7 32. Rc7 Kg6 33.
Re7 Rc3 34. Rc7 Rc4 35. Kh3 Rg4 36. f3 Rc4 37. Kh2 Rc2 38.
Kg1 Rc4 39. Bf2 Rc1+ 40. Kh2 Rc2 41. Kg1 Rc4 42. Kh2 Ra4 43.
Be1 Ra2 44. Kg1 Ra1 45. Kf2 Rc1 46. Bb4 Rc2+ 47. Kg1 Rc4 48.
Bf8 Rxh4 49. Rxg7+ Kf5 50. Rh7 Ra4 51. Rxh5+ Kg6 52. Rh6+ Kf7 53. Bc5 Rc4 1/2-1/2

[Event "RUS-ch Blitz 2021"]
[Site "Sochi"]
[Date "2021.10.11"]
[Round "6.16"]
[White "Radzhabov, Rodion"]
[Black "Popov, Valerij"]
[Result "0-1"]
[ECO "C03"]
[WhiteElo "2361"]
[BlackElo "2537"]
[Annotator "ChessBase"]
[PlyCount "52"]
[EventDate "2021.10.11"]
[EventType "blitz"]
[EventCountry "RUS"]
[SourceTitle "playchess.com"]
[Source "ChessBase"]
[SourceQuality "1"]
[TimeControl "180+2"]

1. e4 e6 2. d4 d5 3. Nd2 h6 4. Bd3 Nc6 5. Ne2 dxe4 6. Nxe4 Be7 7. c3 Nf6 8. Nxf6+ Bxf6 9. Ng3 e5 10. O-O exd4 11. Re1+ Be6 12. Qh5 Qd7 13. Ne4 Be7 14. Bf4 dxc3 15. Rad1 Bg4 16. Qb5 Bxd1 17. Nc5 Qg4 18. Qxb7 O-O 19. Qxc6 Qxf4 20. Rxd1 Bxc5 21. Qxc5 cxb2 22. Bb1 Rfd8 23. Re1 Qd2 24. Rf1 Re8 25. Qf5 g6 26. Qf6 Re1 0-1

[Event "RUS-ch Blitz 2021"]
[Site "Sochi"]
[Date "2021.10.11"]
[Round "6.17"]
[White "Zakhartsov, Vladimir"]
[Black "Pogosyan, Stefan"]
[Result "1-0"]
[ECO "C45"]
[WhiteElo "2514"]
[BlackElo "2407"]
[Annotator "ChessBase"]
[PlyCount "101"]
[EventDate "2021.10.11"]
[EventType "blitz"]
[EventCountry "RUS"]
[SourceTitle "playchess.com"]
[Source "ChessBase"]
[SourceQuality "1"]
[TimeControl "180+2"]

1. e4 Nc6 2. Nf3 e5 3. d4 exd4 4. Nxd4 Bc5 5. Nb3 Bb6 6.
Nc3 Nf6 7. Qe2 O-O 8. Be3 d5 9. O-O-O d4 10. Bg5 Qd6 11. Bxf6 Qxf6 12. Nd5 Qh6+ 13. Kb1 Be6 14. f4 Rfe8 15. Qf3 Bxd5 16. exd5 Nb4 17. Bc4 Re3 18. Qg4 d3 19. c3 Na6 20. Bxd3 Nc5 21. Nxc5 Bxc5 22. Bc2 Qf6 23. Rhe1 g6 24. Rxe3 Bxe3 25. g3 Rd8 26. Qe2 Bc5 27. h4 h5 28. f5 Bd6 29. fxg6 fxg6 30. g4 hxg4 31. Qxg4 Kg7 32. Rg1 Bc5 33. Qxg6+ Qxg6 34. Rxg6+ Kf7 35. b4 Be3 36. Rg3 Bd2 37. Bb3 Kf6 38. Kc2 Bf4 39. Rf3 Ke5 40. Rf1 Rh8 41. Re1+ Kf5 42. Rh1 Kg4 43. Rg1+ Bg3 44. c4 Rxh4 45. c5 Rh2+ 46. Kd3 Kf4 47. Kc4 Rh4 48. Kb5 Bf2 49. Rg7 a6+ 50. Ka4 b5+ 51. Ka5 1-0

[Event "RUS-ch Blitz 2021"]
[Site "Sochi"]
[Date "2021.10.11"]
[Round "6.18"]
[White "Demidov, Mikhail"]
[Black "Smagin, Sergey"]
[Result "1-0"]
[ECO "E04"]
[WhiteElo "2551"]
[BlackElo "2551"]
[Annotator "ChessBase"]
[PlyCount "50"]
[EventDate "2021.10.11"]
[EventType "blitz"]
[EventCountry "RUS"]
[SourceTitle "playchess.com"]
[Source "ChessBase"]
[SourceQuality "1"]
[TimeControl "180+2"]

1. Nf3 d5 2. g3 c5 3. Bg2 Nc6 4. d4 e6 5. O-O Nf6 6. c4 dxc4 7. Qa4 Bd7 8.
dxc5 Na5 9. Qa3 b6 10. b4 cxb3 11. axb3 Bxc5 12. b4 Be7 13. Ne5 Rc8 14. Rd1 Nc4 15. Nxc4 Rxc4 16. Qxa7 O-O 17. Bb2 Qc8 18. Nd2 Rxb4 19. Rac1 Qe8 20. Bxf6 Bxf6 21. Ne4 Ba4 22. Nxf6+ gxf6 23. Rd2 Kg7 24. h3 Qb8 25. Qa6 Qd8 1-0

[Event "RUS-ch Blitz 2021"]
[Site "Sochi"]
[Date "2021.10.11"]
[Round "6.19"]
[White "Nazaretyan, Tigran"]
[Black "Nozdrachev, Vladislav"]
[Result "1-0"]
[ECO "E14"]
[WhiteElo "2316"]
[BlackElo "2495"]
[Annotator "ChessBase"]
[PlyCount "87"]
[EventDate "2021.10.11"]
[EventType "blitz"]
[EventCountry "RUS"]
[SourceTitle "playchess.com"]
[Source "ChessBase"]
[SourceQuality "1"]
[TimeControl "180+2"]

1. d4 Nf6 2. c4 e6 3. Nf3 c5 4. e3 b6 5. Nc3 Bb7 6. d5 g6 7. e4 exd5 8. cxd5 d6 9. Bd3 Bg7 10. O-O O-O 11. h3 a6 12. a4 Qc7 13. Bf4 Nbd7 14. Re1 Rfe8 15. Bc4 h6 16. Qd2 g5 17. Bh2 Nh7 18. Re2 Nhf8 19. Rae1 Ng6 20. Bg3 Nde5 21. Nxe5 Nxe5 22. b3 Ng6 23. Nd1 Qd7 24. Nc3 Rab8 25.
Qd3 Ne5 26. Qd2 Bc8 27. f4 gxf4 28. Bxf4 b5 29. axb5 axb5 30. Bd3 c4 31. bxc4 bxc4 32. Bc2 Qa7+ 33. Kh1 Kh7 34. Rf1 Rb2 35. Qc1 Qb7 36. Ref2 Nd3 37. Bxd3 Rxf2 38. Rxf2 cxd3 39. Bxd6 Qb3 40. Rxf7 Kg8 41. Rc7 Qc2 42. Qe3 Bxc3 43. Qxh6 Qd1+ 44. Kh2 1-0

[Event "RUS-ch Blitz 2021"]
[Site "Sochi"]
[Date "2021.10.11"]
[Round "6.20"]
[White "Murzin, Volodar"]
[Black "Babanin, Gleb"]
[Result "1-0"]
[ECO "B52"]
[WhiteElo "2513"]
[BlackElo "2094"]
[Annotator "ChessBase"]
[PlyCount "61"]
[EventDate "2021.10.11"]
[EventType "blitz"]
[EventCountry "RUS"]
[SourceTitle "playchess.com"]
[Source "ChessBase"]
[SourceQuality "1"]
[TimeControl "180+2"]

1. e4 c5 2. Nf3 d6 3. Bb5+ Bd7 4. Bxd7+ Qxd7 5. O-O Nc6 6. c3 d5 7. e5 e6 8. d3 Nge7 9. Re1 Nf5 10. Nbd2 Be7 11. Nf1 d4 12. c4 h6 13. Ng3 Nxg3 14. hxg3 a6 15. a4 Bd8 16. Re4 Bc7 17. Qe2 Rb8 18.
Rg4 g6 19. Rh4 h5 20. g4 b5 21. axb5 axb5 22. cxb5 Rxb5 23. Bg5 Bd8 24. gxh5 Rxh5 25. Rxh5 gxh5 26. Bxd8 Qxd8 27. Qe4 Qd5 28.
Qh7 Rxb2 29. Ra8+ Kd7 30. Qxf7+ Ne7 31. Qe8+ 1-0

[Event "RUS-ch Blitz 2021"]
[Site "Sochi"]
[Date "2021.10.11"]
[Round "6.21"]
[White "Indzhiev, Aldar"]
[Black "Moiseenko, Vadim"]
[Result "0-1"]
[ECO "C41"]
[WhiteElo "2101"]
[BlackElo "2542"]
[Annotator "ChessBase"]
[PlyCount "60"]
[EventDate "2021.10.11"]
[EventType "blitz"]
[EventCountry "RUS"]
[SourceTitle "playchess.com"]
[Source "ChessBase"]
[SourceQuality "1"]
[TimeControl "180+2"]

1. d4 d6 2. e4 Nf6 3. Nc3 e5 4. Nf3 Nbd7 5. Bc4 Be7 6. O-O c6 7. Re1 h6 8. Bf1 Qc7 9. a4 a5 10. h3 Nf8 11. Be3 g5 12. Nh2 Ng6 13.
dxe5 dxe5 14. Bc4 Nf4 15. Bxf4 gxf4 16. Kh1 Bc5 17. Qf3 h5 18. Bb3 Bg4 19. Qd3 Bxf2 20. Rf1 Rd8 21. Qc4 Bb6 22. Nf3 Rg8 23. Nxe5 Be6 24. Qe2 Qxe5 25. Rad1 Ke7 26. Bxe6 fxe6 27. Qf3 Rxd1 28. Rxd1 Rg3 29. Qf1 f3 30. gxf3 Rg1+ 0-1

[Event "RUS-ch Blitz 2021"]
[Site "Sochi"]
[Date "2021.10.11"]
[Round "6.22"]
[White "Potapov, Pavel"]
[Black "Averin, Nikolay"]
[Result "0-1"]
[ECO "B04"]
[WhiteElo "2481"]
[BlackElo "2129"]
[Annotator "ChessBase"]
[PlyCount "136"]
[EventDate "2021.10.11"]
[EventType "blitz"]
[EventCountry "RUS"]
[SourceTitle "playchess.com"]
[Source "ChessBase"]
[SourceQuality "1"]
[TimeControl "180+2"]

1. e4 Nf6 2. e5 Nd5 3. Nf3 d6 4. d4 g6 5. c4 Nb6 6. Nc3 Bg7 7. exd6 cxd6 8. Be3 O-O 9. Be2 Bg4 10. O-O Nc6 11. b3 d5 12. c5 Nc8 13. h3 Bxf3 14. Bxf3 e6 15. Rb1 N8e7 16. Ne2 Nf5 17. Qd2 Nh4 18. Bg4 h5 19. Bg5 Bf6 20. Bxh4 Bxh4 21. Bf3 b5 22. b4 Bf6 23. Rfd1 a5 24. bxa5 Rxa5 25. Qb2 Qa8 26. Rd2 b4 27. Nc1 Rxc5 28. Nb3 Rc3 29. Rc1 Rxc1+ 30. Qxc1 Rc8 31. Rc2 Na7 32. Rc5 Qb8 33. g3 Kg7 34. Kg2 Rxc5 35. Qxc5 Bd8 36. Be2 Qb6 37. Qc2 Nc6 38. Qc5 Qxc5 39. dxc5 Na7 40. f4 h4 41. g4 Bc7 42. Kf3 f6 43. Nd4 Kf7 44. Nc2 Nc6 45.
Bb5 Na7 46. Ba4 Ba5 47. f5 gxf5 48. gxf5 e5 49. Kg4 d4 50. Kf3 Ke7 51. Ke4 Nc8 52. Bb3 Kd8 53. Ne1 Ne7 54. Nf3 Kc7 55.
Nxh4 Kc6 56. Ng6 Nc8 57. h4 Kxc5 58. Be6 Nd6+ 59. Kf3 e4+ 60.
Kf4 d3 61. Ke3 Bb6 62. h5 Kb5+ 63. Kd2 Nc4+ 64. Kd1 e3 65. h6 Nb2+ 66. Kc1 d2+ 67. Kxb2 d1=Q 68. h7 Bd4# 0-1